cohdb
Replays
Latest Replays
All Replays
Popular Replays
Top Player Replays
Match Explorer
How It Works
Community
CoH3 Stats
Reddit
Sign in to upload your games and track your stats! →
Sign in with Steam
Match 42804966
Unlisted
Match 42804966
Overview
Messages
Build Orders
End
Royal Engineer Section
Construct Section Command Post
Selects Heavy Armor Battlegroup
Dingo Light Scout Car
Infantry Section
Infantry Section
Infantry Section
Selects Light Vehicle Withdraw and Refit
Construct Platoon Command Post
Unlock M3 Stuart Light Tanks
M3 Stuart Light Tank
Selects Rigorous Vehicle Training
Selects Forward Repair Assembly
Construct Field Infirmary
Conscript
Metzger
0
0
Comments
sign in to comment!
No comments posted yet!